Map: Deathaura LE

Players

Infernox - Winner!

  • Race: Terran Terran
  • Spawn Location: 5:00

A.I. 1 (Very Easy)

  • Race: Terran Terran
  • Spawn Location: 11:00

VOD

Have the link to the VOD?

Description

Time

  • Played on: Aug. 24, 2020, 3:30 a.m.
  • Length: 11:57
Show
View Real Time Build Order
Export as new Build Order

Infernox Terran - Winner!

Build Orders:  

Get SALT Encoding   

  12  0:00  SCV  
  13  0:12  SCV  
  14  0:16  Supply Depot  
  14  0:24  SCV  
  15  0:38  SCV  
  15  0:39  Barracks  
  16  0:43  Refinery  
  16  0:50  SCV  
  17  1:02  SCV  
  18  1:14  SCV  
  19  1:26  Orbital Command, Barracks Reactor  
  19  1:40  Command Center  
  19  1:48  Supply Depot  
  19  1:52  SCV  
  20  2:02  Marine x2  
  20  2:04  SCV  
  23  2:11  Factory  
  23  2:16  SCV  
  23  2:19  Refinery  
  24  2:24  Marine x2  
  24  2:28  SCV  
  27  2:40  SCV  
  27  2:42  Marine x2  
  30  2:52  SCV, Orbital Command  
  30  2:55  Starport  
  30  2:57  Factory Reactor  
  31  3:04  Marine x2  
  33  3:11  SCV  
  34  3:15  Barracks  
  34  3:18  SCV  
  35  3:21  Marine  
  35  3:22  Marine  
  37  3:28  SCV  
  37  3:29  Supply Depot  
  37  3:31  SCV  
  39  3:39  Marine x2  
  41  3:42  Medivac x2  
  41  3:44  SCV  
  46  3:48  Refinery  
  46  3:50  SCV  
  46  3:52  Supply Depot  
  47  3:56  SCV  
  47  3:57  Marine x2  
  47  4:02  Widow Mine  
  52  4:03  SCV  
  52  4:06  Barracks Tech Lab  
  52  4:07  Barracks Tech Lab  
  52  4:08  SCV  
  54  4:16  SCV, Fusion Core  
  55  4:18  Supply Depot  
  55  4:22  Starport Tech Lab  
  55  4:23  SCV  
  56  4:27  Stimpack  
  56  4:28  SCV  
  57  4:39  Command Center  
  57  4:43  SCV x2  
  59  4:46  Hellion  
  59  4:49  Hellion  
  63  4:54  Supply Depot  
  63  4:55  SCV  
  64  5:06  Battlecruiser  
  70  5:16  Hellion x2  
  70  5:17  SCV, Supply Depot  
  70  5:18  SCV  
  76  5:25  Supply Depot  
  76  5:29  SCV  
  76  5:30  SCV  
  76  5:33  Engineering Bay  
  76  5:34  Engineering Bay  
  78  5:39  Hellion x2  
  78  5:41  SCV  
  83  5:43  Supply Depot  
  83  5:44  SCV  
  84  5:50  Supply Depot  
  84  5:51  Refinery  
  84  5:58  SCV x2  
  84  5:59  Terran Infantry Armor Level 1, Terran Infantry Weapons Level 1  
  86  6:07  Combat Shield  
  86  6:09  Barracks  
  86  6:10  SCV x2  
  88  6:12  Supply Depot  
  88  6:18  Starport Reactor, Supply Depot  
  88  6:21  Orbital Command  
  88  6:22  SCV x2  
  90  6:32  Barracks  
  90  6:33  Barracks  
  90  6:34  SCV x2  
  90  6:39  Siege Tank  
  95  6:46  SCV x2  
  97  6:50  Supply Depot  
  97  6:51  Marine x2  
  97  6:53  SCV  
  100  6:55  Medivac x2  
  100  6:58  SCV x2  
  106  7:05  SCV  
  106  7:07  Armory  
  107  7:09  Refinery  
  107  7:10  SCV x2  
  107  7:12  Siege Tank  
  107  7:13  Marine x2, Supply Depot  
  107  7:14  Marine  
  107  7:15  Refinery  
  115  7:17  SCV  
  116  7:25  Barracks Tech Lab, Barracks Reactor, Medivac x2  
  116  7:26  SCV  
  116  7:27  SCV  
  116  7:28  Supply Depot  
  116  7:29  SCV  
  123  7:34  Marine x4  
  123  7:35  Marauder  
  123  7:36  Concussive Shells  
  129  7:40  SCV x2  
  131  7:46  Siege Tank  
  131  7:47  Marauder  
  136  7:52  Marine x4  
  136  7:53  Terran Infantry Weapons Level 2  
  136  7:55  Terran Infantry Armor Level 2  
  136  7:56  Marine  
  141  8:07  Medivac x2, Barracks  
  141  8:08  Marine, Barracks x2  
  141  8:09  Marine x2  
  141  8:10  Marine x4  
  141  8:12  SCV x3  
  155  8:13  Marine  
  155  8:18  Siege Tank, Supply Depot  
  159  8:24  SCV x2, Supply Depot  
  159  8:26  Marine  
  162  8:27  Marine  
  162  8:28  Drilling Claws  
  162  8:32  Marauder  
  162  8:34  Command Center  
  165  8:41  Supply Depot  
  165  8:42  Medivac x2  
  165  8:43  Marine x2  
  165  8:44  Marauder  
  165  8:47  Supply Depot  
  173  8:56  Barracks Tech Lab, Siege Tank  
  173  8:57  Barracks Reactor  
  173  8:58  Barracks Reactor  
  176  9:03  Marine x7  
  176  9:05  Marine, Supply Depot  
  176  9:09  Supply Depot  
  184  9:10  Terran Vehicle Weapons Level 1  
  184  9:15  SCV x2  
  186  9:21  Factory  
  186  9:22  Marine x4, Factory  
  190  9:24  Starport  
  190  9:25  Starport  
  190  9:30  Marine x3  
  190  9:31  Marine x2  
  195  9:40  Siege Tank  
  195  9:44  Marine x2  
  200  10:00  Command Center  
  200  10:04  Refinery  
  200  10:05  Factory Tech Lab, Factory Reactor, Refinery  
  200  10:07  Starport Reactor, Starport Tech Lab  
  200  10:18  Planetary Fortress  
  200  10:43  Command Center  
  200  10:51  Command Center  
  200  10:56  Command Center  
  200  11:01  Missile Turret  
  200  11:03  Missile Turret  
  200  11:04  Missile Turret, Sensor Tower  
  200  11:05  Sensor Tower  
  200  11:07  Refinery  
  200  11:08  Refinery  
  200  11:14  Orbital Command  
  200  11:18  Sensor Tower x2  
  200  11:32  Barracks  
  200  11:38  Barracks x2  
Show
View Real Time Build Order
Export as new Build Order

A.I. 1 (Very Easy) Terran 

Build Orders: Reaper Expand 

Get SALT Encoding   

  12  0:00  SCV  
  13  0:13  SCV  
  14  0:19  Supply Depot  
  14  0:43  Barracks  
  14  1:02  Command Center  
  14  1:29  Supply Depot  
  14  1:30  Orbital Command  
  14  1:31  Marine  
  15  1:35  Refinery  
  15  1:50  Refinery  
  15  1:55  SCV  
  16  2:07  SCV  
  17  2:17  Reaper  
  17  2:19  SCV  
  17  2:21  SCV  
  20  2:32  SCV  
  20  2:35  SCV  
  22  2:41  Refinery  
  22  2:44  SCV  
  23  2:50  SCV  
  24  2:57  SCV  
  25  2:58  Marine  
  25  3:04  SCV  
  27  3:11  SCV  
  28  3:18  SCV, Factory  
  29  3:41  Marine, Refinery  
  29  3:42  SCV  
  31  3:49  SCV  
  31  3:54  Supply Depot  
  32  3:56  SCV  
  33  4:04  SCV  
  33  4:05  Starport  
  34  4:11  SCV  
  35  4:18  SCV  
  35  4:23  Reaper  
  37  4:25  SCV  
  38  4:32  SCV  
  38  4:35  Supply Depot  
  39  4:39  SCV  
  39  4:42  Starport Tech Lab  
  40  4:47  SCV  
  41  4:54  SCV  
  42  5:00  Raven  
  42  5:01  SCV  
  42  5:06  Marine  
  46  5:08  SCV  
  47  5:15  SCV  
  48  5:26  SCV  
  48  5:43  Raven  
  48  5:48  Marine  
  51  6:07  Barracks Tech Lab  
  51  6:31  Marauder  
  53  10:47  Medivac  
  53  10:49  Marauder  
  57  10:50  Supply Depot  
  57  10:55  SCV  
  57  11:03  SCV  
  53  11:10  SCV  
  50  11:17  SCV, Medivac  
  53  11:25  SCV, Marine  
  45  11:37  Supply Depot  
  45  11:39  SCV  
Tags
 
Matchup
TvT
Race
Terran
Spawn Locations
Cross Positions
Add a new tag
Caveats
  • Supply blocks, unpowered buildings, or Contaminate may cause inaccurate times.
  • Supply counts are checked every 10 seconds.